 Crawl Stoat Soup version 0.23-ish-327-92-g4e138c7aa0 (console) character file.

2952037 damerell the Petrodigitator (level 27, 262/262 HPs)
             Began as a Deep Dwarf Necromancer on Apr 1, 2024.
             Was the Champion of Makhleb.
             Escaped with the Orb
             ... and 6 runes on Apr 6, 2024!
             The game lasted 12:56:05 (120745 turns).

damerell the Petrodigitator (DDNe)                Turns: 120745, Time: 12:56:06

Health: 262/262    AC: 12    Str: 20    XL:     27
Magic:  41/41 (48) EV: 24    Int: 39    God:    Makhleb [******]
Gold:   3425       SH: 33    Dex: 17    Spells: 0/56 levels left

rFire    + + .     SeeInvis +   a - +9 broad axe (flame) {cat name}
rCold    + . .     Gourm    .   n - +8 tower shield {rC+ rF+}
rNeg     + + .     Faith    .   y - +2 robe of Makhleb's Benevolence {rCorr Str+2 Dex+4}
rPois    .         Spirit   .   o - +1 hat {MR+}
rElec    .         Warding  .   N - +0 cloak of the Trout {rN+ Int+7}
rCorr    +         Reflect  .   m - +2 pair of gloves {Str+3}
MR       +++++     Harm     .   Z - +2 pair of boots
Stlth    +.........             v - amulet of Wuxuax {Acrobat Int+6 SInv}
HPRegen  0.00/turn              F - ring of protection from fire
MPRegen  0.31/turn              h - ring of magical power

@: non-regenerating, shrouded, battlesphere, max piety, 7 MP reserved for charms
A: damage resistance, heal wounds, negative energy resistance 1, sense
surroundings 3, no regeneration
0: Orb of Zot
}: 6/15 runes: barnacled, slimy, silver, abyssal, demonic, gossamer
a: Heal Wounds, Minor Destruction, Lesser Servant of Makhleb, Major Destruction,
Greater Servant of Makhleb, Renounce Religion, End Permanent Enchantments


You escaped.
You worshipped Makhleb.
Makhleb was exalted by your worship.
You were not hungry.

You visited 12 branches of the dungeon, and saw 58 of its levels.
You visited Pandemonium 1 time, and saw 6 of its levels.
You visited the Abyss 2 times.
You visited 1 bazaar.
You also visited: Trove, Sewer, Ossuary, Ice Cave and Volcano.

You collected 9366 gold pieces.
You spent 5941 gold pieces at shops.

Inventory:

Hand Weapons
 a - a +9 broad axe of flaming (weapon) {cat name}
   (You took it off a hell knight in a volcano)
 b - a +5 broad axe of chopping
   (You took it off a hell knight on level 3 of the Crypt)
Missiles
 f - 14 throwing nets
 I - 21 curare-tipped darts
 S - 14 steel javelins (quivered) {!t}
Armour
 m - a +2 pair of gloves of strength (worn)
   (You found it in a treasure trove)
 n - a +8 tower shield of resistance (worn)
   (You found it in a treasure trove)
 o - a +1 hat of magic resistance (worn)
   (You found it in a treasure trove)
 t - a scarf of cloud immunity
   (You found it in a treasure trove)
 y - the +2 robe of Makhleb's Benevolence (worn) {rCorr Str+2 Dex+4}
   (You found it on level 12 of the Dungeon)

   It affects your strength (+2).
   It affects your dexterity (+4).
   It provides partial protection from all sources of acid and corrosion.
 N - the +0 cloak of the Trout (worn) {rN+ Int+7}
   (You bought it in a shop on level 3 of the Shoals)

   It affects your intelligence (+7).
   It protects you from negative energy.
 Z - a +2 pair of boots (worn)
   (You found it on level 5 of the Vaults)
Jewellery
 h - a ring of magical power (right hand)
   (You found it on level 4 of the Shoals)
 v - the amulet of Wuxuax (around neck) {Acrobat Int+6 SInv}
   (You found it on level 3 of the Elven Halls)

   [amulet of the acrobat]

   It helps you evade while moving and waiting.
   It affects your intelligence (+6).
   It lets you see invisible.
 F - a ring of protection from fire (left hand)
   (You found it on level 4 of the Spider Nest)
 P - the ring of Pupeyn {rPois rC+ Str+3}
   (You acquired it on level 4 of the Realm of Zot)

   [ring of poison resistance]

   It affects your strength (+3).
   It protects you from cold.
   It protects you from poison.
Wands
 i - 7 wands of iceblast (61 charges)
 w - 7 wands of acid (56 charges)
 z - 5 wands of digging (30 charges)
 A - 3 wands of scattershot (21 charges)
 V - 7 wands of flame (164 charges)
 Y - a wand of clouds (5 charges)
Scrolls
 k - 9 scrolls of fog
 l - 15 scrolls of identify
 p - 24 scrolls of remove curse
 r - 10 scrolls of blinking
 s - 28 scrolls of teleportation
 J - 3 scrolls of summoning {!r}
 K - 9 scrolls of fear
 M - 3 scrolls of silence {!r}
Potions
 u - 6 potions of agility
 x - 19 potions of curing
 C - 12 potions of brilliance
 D - 2 potions of cancellation
 E - 2 potions of berserk rage
 G - 10 potions of flight
 L - 16 potions of haste
 O - 5 potions of heal wounds
 Q - 2 potions of invisibility
 T - 11 potions of magic
 U - 9 potions of might
 W - 3 potions of resistance
Miscellaneous
 c - a lightning rod (4/4)
   (You found it on level 3 of the Elven Halls)
 g - 2 phantom mirrors
 j - a fan of gales
   (You found it on level 5 of the Lair of Beasts)
 H - a stone of tremors
   (You found it on level 11 of the Dungeon)
 R - a lamp of fire
   (You found it on level 1 of the Depths)
Comestibles
 e - 30 bread rations


   Skills:
 + Level 18.5 Fighting
 - Level 17.3(18.0) Axes
   Level 7.0(12.5) Maces & Flails
 - Level 1.0 Armour
 - Level 19.0 Dodging
 - Level 4.0 Stealth
 - Level 24.0 Shields
 - Level 15.0 Spellcasting
 + Level 12.8 Conjurations
 - Level 6.2 Hexes
 - Level 9.0 Charms
 - Level 17.0 Necromancy
 - Level 8.0 Translocations
 - Level 7.2 Transmutations
   Level 5.0 Fire Magic
 - Level 16.7 Ice Magic
 O Level 27 Earth Magic
 - Level 11.0 Invocations
 + Level 24.1 Evocations


You couldn't memorise any spells.
You knew the following spells:

 Your Spells              Type           Power        Failure   Level  Hunger
a - Ozocubu's Armour      Chrm/Ice       92/100       1%          3    None
b - Vampiric Draining     Necr           104/200      0%          3    None
c - Animate Dead          Necr           N/A          0%          4    None
d - Shroud of Golubria    Chrm/Tloc      50/50        1%          2    None
e - Magic Dart            Conj           25/25        0%          1    None
f - Yara's Violent Unrav  Hex/Tmut       70/200       2%          5    None
g - Borgnjor's Vile Clut  Necr/Erth      116/200      0%          5    None
h - Irradiate             Conj/Tmut      82/200       1%          5    None
i - Iron Shot             Conj/Erth      111/200      1%          6    None
j - Shatter               Erth           126/200      1%          9    ######.
k - Death Channel         Necr           104/200      1%          6    None
x - Iskenderun's Battles  Conj/Chrm      85/100       1%          5    None
z - Blink                 Tloc           50/50        1%          2    None

Your spell library contained the following spells:

 Spells                   Type           Power        Failure   Level  Hunger
 Freeze                   Ice            25/25        0%          1    None
 Necrotise                Necr           25/25        0%          1    None
 Sandblast                Erth           50/50        0%          1    None
 Corpse Rot               Necr           N/A          0%          2    None
 Ensorcelled Hibernation  Hex/Ice        50/50        0%          2    None
 Passwall                 Tmut/Erth      104/120      0%          2    None
 Sublimation of Blood     Necr           104/200      0%          2    None
 Throw Frost              Conj/Ice       50/50        0%          2    None
 Stone Arrow              Conj/Erth      50/50        0%          3    None
 Leda's Liquefaction      Hex/Erth       103/200      0%          4    None
 Petrify                  Tmut/Erth      100/100      0%          4    None
 Lee's Rapid Deconstruct  Erth           126/200      0%          5    None
 Apportation              Tloc           50/50        1%          1    None
 Beastly Appendage        Tmut           50/50        1%          1    None
 Confusing Touch          Hex            50/50        1%          1    None
 Infusion                 Chrm           25/25        1%          1    None
 Shock                    Conj/Air       25/25        1%          1    None
 Summon Butterflies       Summ           29/100       1%          1    None
 Summon Small Mammal      Summ           25/25        1%          1    None
 Call Imp                 Summ           29/100       1%          2    None
 Slow                     Hex            67/100       1%          2    None
 Song of Slaying          Chrm           78/100       1%          2    None
 Swiftness                Chrm/Air       59/100       1%          2    None
 Confuse                  Hex            67/100       1%          3    None
 Conjure Flame            Conj/Fire      78/100       1%          3    None
 Dazzling Spray           Conj/Hex       50/50        1%          3    None
 Gell's Gravitas          Tloc           75/200       1%          3    None
 Ignite Poison            Fire/Tmut/Pois 57/100       1%          3    None
 Lesser Beckoning         Tloc           75/200       1%          3    None
 Mephitic Cloud           Conj/Pois/Air  58/100       1%          3    None
 Recall                   Summ/Tloc      N/A          1%          3    None
 Spectral Weapon          Hex/Chrm       73/100       1%          3    None
 Static Discharge         Conj/Air       68/100       1%          3    None
 Summon Guardian Golem    Hex/Summ       52/100       1%          3    None
 Teleport Other           Tloc           75/100       1%          3    None
 Tukima's Dance           Hex            67/100       1%          3    None
 Ice Form                 Ice/Tmut       89/100       1%          4    None
 Summon Ice Beast         Ice/Summ       76/100       1%          4    None
 Throw Icicle             Conj/Ice       98/100       1%          4    None
 Bolt of Magma            Conj/Fire/Erth 98/200       1%          5    None
 Fireball                 Conj/Fire      78/200       1%          5    None
 Metabolic Englaciation   Hex/Ice        87/200       1%          5    None
 Bolt of Cold             Conj/Ice       98/200       1%          6    None
 Ozocubu's Refrigeration  Ice            103/200      1%          6    None
 Simulacrum               Ice/Necr       103/200      1%          6    None
 Statue Form              Tmut/Erth      104/150      1%          6    None
 Lightning Bolt           Conj/Air       68/200       2%          5    None
 Call Canine Familiar     Summ           29/100       3%          3    None
 Freezing Cloud           Conj/Ice/Air   82/200       3%          6    None
 Orb of Destruction       Conj           92/200       5%          7    ###....
 Summon Forest            Summ/Tloc      57/200       7%          5    None
 Alistair's Intoxication  Tmut/Pois      55/100       8%          5    None
 Silence                  Hex/Air        52/200       10%         5    None
 Summon Mana Viper        Hex/Summ       52/100       10%         5    None
 Hydra Form               Tmut           72/200       10%         6    None
 Airstrike                Air            29/200       12%         4    None
 Summon Lightning Spire   Summ/Air       29/100       12%         4    None
 Darkness                 Hex            67/200       14%         6    None
 Invisibility             Hex            67/100       14%         6    None
 Eringya's Noxious Bog    Tmut/Pois      55/200       41%         6    None
 Velakast's Superior Rad  Hex/Pois       52/200       47%         6    None
 Spellforged Servitor     Conj/Summ      68/200       58%         7    ###....
 Shadow Creatures         Summ           N/A          88%         6    None
 Malign Gateway           Summ/Tloc      57/200       90%         7    ###....
 Monstrous Menagerie      Summ           29/200       100%        7    ###....
 Summon Greater Demon     Summ           29/200       100%        7    ###....
 Summon Hydra             Summ           29/200       100%        7    ###....
 Ignition                 Fire           62/200       100%        8    #####..
 Summon Horrible Things   Summ           29/200       100%        8    #####..
 Tornado                  Air            29/200       100%        9    ######.
 Passage of Golubria      Tloc           Unusable     N/A         4    N/A
 Regeneration             Chrm/Necr      Unusable     N/A         4    N/A

Dungeon Overview and Level Annotations

Branches:
Dungeon (15/15)            Temple (1/1) D:6            Lair (6/6) D:9
 Shoals (4/4) Lair:4       Spider (4/4) Lair:2        Slime (5/5) Lair:5
    Orc (2/2) D:12            Elf (3/3) Orc:2        Vaults (5/5) D:13
  Crypt (3/3) Vaults:3       Tomb (0/3) Crypt:3      Depths (5/5) D:15
    Zot (5/5) Depths:5

Altars:
Ashenzari
Cheibriados
Elyvilon
Fedhas
Gozag Ihp'ix
Kikubaaqudgha
Makhleb
Ru
Sif Muna
Trog
Wu Jian
Xom
Yredelemnul
Beogh
Jiyva

Shops:
D:4 *   D:8 *)   D:14 *   Orc:2 [(*=   Elf:1 ?   Elf:2 *   Shoals:3 !*[)
Vaults:1 )   Vaults:2 (:   Depths:1 *

Portals:
Hell: Depths:1 Depths:2 Depths:3 Depths:4 Depths:5
Abyss: Depths:1 Depths:2 Depths:3 Depths:4
Pandemonium: Depths:2 Depths:3 Depths:5
Ziggurat: Depths:1

Annotations:
D:3 trivial flyout
D:9 digout (unseen?)
D:12 two manual of ice magic
Vaults:5 decent slay/dex ring here
Zot:1 2 transporters


Innate Abilities, Weirdness & Mutations

You are resistant to damage.
You can heal yourself by infusing magical energy.
You resist negative energy. (rN+)
You passively map a large area around you.
You do not regenerate.


Message History

Okay, then.
Press: ? - help, v - describe, . - travel
Here: a daeva, wielding a long sword of holy wrath and wearing a tower shield (haloed)
The floor.
As you read the scroll of teleportation, it crumbles to dust.
You feel strangely unstable.
You feel the Orb delaying your translocation!
Casting: Iron Shot (safe; 1% risk of failure)
Confirm with . or Enter, or press ? or * to list all spells.
Aiming: Iron Shot (safe; 1% risk of failure)
Press: ? - help, Shift-Dir - straight line, f - daeva
Aim: a daeva, wielding a long sword of holy wrath and wearing a tower shield (haloed)
The iron shot misses the daeva.
Your battlesphere fires!
The barrage of energy hits the daeva.
The daeva is lightly wounded.
Evoke which item? (* to show all) (? for menu, Esc to quit)
Aiming: Corrosive Bolt
Press: ? - help, Shift-Dir - straight line, f/p - daeva
Aim: a daeva, wielding a long sword of holy wrath and wearing a tower shield (lightly wounded, haloed)
The bolt of acid misses the daeva.
The daeva calls down the wrath of the Shining One upon you.
The Shining One smites you!
Evoke which item? (* to show all) (? for menu, Esc to quit)
Aiming: Phantom Mirror
Press: ? - help, Dir - move target cursor, f/p - daeva
Aim: a daeva, wielding a long sword of holy wrath and wearing a tower shield (lightly wounded, haloed) Makhleb forbids your reflecting this monster.
Unknown command.
Evoke which item? (* to show all) (? for menu, Esc to quit)
Aiming: Corrosive Bolt
Press: ? - help, Shift-Dir - straight line, f/p - daeva
Aim: a daeva, wielding a long sword of holy wrath and wearing a tower shield (lightly wounded, haloed)
The bolt of acid hits the daeva.
The daeva is splashed with acid.
The acid corrodes the daeva!
The daeva is heavily wounded.
Casting: Iron Shot (safe; 1% risk of failure)
Confirm with . or Enter, or press ? or * to list all spells.
Aiming: Iron Shot (safe; 1% risk of failure)
Press: ? - help, Shift-Dir - straight line, f/p - daeva
Aim: a daeva, wielding a long sword of holy wrath and wearing a tower shield (heavily wounded, covered in acid, haloed)
The daeva blocks the iron shot.
Your battlesphere fires!
The barrage of energy hits the daeva.
The daeva is severely wounded.
You block the daeva's attack. x2
Casting: Iron Shot (safe; 1% risk of failure)
Confirm with . or Enter, or press ? or * to list all spells.
Aiming: Iron Shot (safe; 1% risk of failure)
Press: ? - help, Shift-Dir - straight line, f/p - daeva
Aim: a daeva, wielding a long sword of holy wrath and wearing a tower shield (severely wounded, covered in acid, haloed)
The daeva blocks the iron shot.
Your battlesphere fires!
The barrage of energy hits the daeva.
The daeva is severely wounded.
Casting: Iron Shot (safe; 1% risk of failure)
Confirm with . or Enter, or press ? or * to list all spells.
Aiming: Iron Shot (safe; 1% risk of failure)
Press: ? - help, Shift-Dir - straight line, f/p - daeva
Aim: a daeva, wielding a long sword of holy wrath and wearing a tower shield (severely wounded, covered in acid, haloed)
The iron shot hits the daeva.
You kill the daeva!
Makhleb accepts your kill.
You feel better.
Your battlesphere fires!
Unknown command.
Things that are here:
a long sword of holy wrath; a tower shield
As you read the scroll of teleportation, it crumbles to dust.
You feel strangely stable.
A blizzard demon comes into view.
There is a stone staircase leading up here.
The blizzard demon gestures at you.
The freezing blast engulfs your battlesphere.
Your battlesphere resists.
You climb upwards.
There is a stone staircase leading down here.
Unknown command.
(D) Dungeon (T) Temple (L) Lair (A) Shoals (N) Hippo Nest (M) Slime Pits (O) Orcish Mines (E) Elven Halls (V) Vaults (C) Crypt (W) Tomb (U) Depths (H) Hell (Z) Zot
Where to? (Enter - D:1 @ (x,y), ? - help)
The teleport trap disappears.
Your battlesphere disappears!
There is an open door here.
There is a stone staircase leading up here.
You climb upwards.
Level annotation: trivial flyout
There is a stone staircase leading down here.
You see here a scarf of spirit shield.
There is a stone staircase leading up here.
You climb upwards.
There is a stone staircase leading down here.
There is a stone staircase leading up here.
You climb upwards.
There is a stone staircase leading down here.
Magic restored.
There is a staircase leading out of the dungeon here.
You have escaped!

.#.#..##.#
#....*....#
...#..##.#
#.♣..@..♣.#
##.#..##Z#
#.........#
...#..##.#
###########
####..##.#
.........#
##########


You could see a friendly battlesphere.

Vanquished Creatures
  the Royal Jelly (Slime:5)
  4 pandemonium lords (Pan)
  10 orbs of fire
  8 ancient liches
  2 juggernauts
  Frederick (Vaults:2)
  2 Killer Klowns
  Xtahua (Vaults:2)
  6 caustic shrikes
  Saint Roka (Depths:3)
  A curse toe (Zot:2)
  10 golden dragons
  A profane servitor (Abyss:3)
  3 bone dragons
  3 electric golems
  13 tentacled monstrosities
  10 Hell Sentinels (Pan)
  An Ice Fiend (D:9)
  10 liches
  Asterion (Vaults:1)
  A deep elf master archer (Elf:3)
  16 Orb Guardians (Zot:5)
  2 titans
  A deep elf blademaster (Elf:2)
  9 quicksilver dragons
  16 acid blobs
  8 sphinxes
  4 tentacled starspawn
  5 Executioners
  7 death cobs
  5 krakens
  A sphinx (shapeshifter) (Vaults:5)
  2 ancient champions (Crypt:2)
  Kirke (Lair:4)
  11 storm dragons
  Donald (Orc:1)
  10 shadow dragons
  5 tengu reavers
  5 azure jellies
  3 draconian monks
  2 daevas
  5 draconian knights
  8 frost giants
  5 draconian scorchers
  4 revenants
  5 deep elf sorcerers (Elf:3)
  4 balrugs
  4 corrupters (Pan)
  6 fire giants
  3 orc warlords
  6 ghost moths
  2 iron dragons
  3 cacodemons
  A curse skull (Crypt:3)
  Louise (Depths:1)
  30 large abominations
  An emperor scorpion (Spider:4)
  4 draconian shifters
  14 vault wardens
  A warmonger (Pan)
  3 deep elf elementalists
  3 spriggan defenders
  4 ghouls
  2 draconian stormcallers
  2 angels (D:15)
  27 stone giants
  2 draconian annihilators
  6 very ugly things
  6 war gargoyles
  6 reapers
  7 entropy weavers
  10 ironheart preservers
  10 lorocyprocas
  4 blood saints (Pan)
  7 white draconians
  Azrael (D:12)
  9 deep elf demonologists
  8 green draconians
  A stone giant (shapeshifter) (Depths:2)
  11 vampire knights
  20 starcursed masses
  7 black draconians
  5 black suns (Pan)
  4 red draconians
  8 yellow draconians
  7 deep elf annihilators
  13 purple draconians
  A dire elephant (Lair:6)
  A spark wasp (Spider:2)
  6 eidola
  3 crystal guardians (Crypt:3)
  6 deep elf death magi
  6 fire dragons
  3 death oozes
  21 ettins
  9 yaktaur captains
  Snorg (Orc:1)
  4 merfolk javelineers
  8 jiangshi
  6 blizzard demons
  8 merfolk impalers
  Josephine (D:9)
  3 green deaths
  Erolcha (Orc:2)
  6 deep elf high priests
  10 great orbs of eyes
  28 vault guards
  2 hell beasts
  5 rakshasas
  2 quicksilver dragon skeletons
  3 cavaliers
  12 hydras
  11 ice dragons
  2 alligator snapping turtles
  3 monstrous demonspawn (Pan)
  18 centaur warriors
  4 merfolk avatars
  3 death knights
  5 spriggan air magi
  3 catoblepae
  2 merfolk aquamancers (Shoals:4)
  54 two-headed ogres
  3 tengu warriors
  15 deep troll earth magi
  35 dancing weapons
  A queen ant (Lair:2)
  3 vampire magi
  14 deep troll shamans
  5 death yaks (Lair:6)
  15 ogre magi
  Urug (D:13)
  3 titan zombies
  11 thrashing horrors
  2 orc high priests (Orc:2)
  5 hell knights (Crypt:3)
  7 spriggan berserkers
  2 storm dragon zombies
  8 sixfirhies
  2 wretched stars
  29 soul eaters
  12 deep elf knights
  6 iron trolls
  9 sun demons
  3 shadow wraiths
  3 unseen horrors
  3 spatial maelstroms (Abyss:3)
  41 skeletal warriors
  A storm dragon skeleton (Abyss:3)
  10 sea snakes
  2 flaming corpses
  A death drake (shapeshifter) (Vaults:5)
  A golden dragon zombie (Crypt:3)
  3 glowing orange brains
  A salamander mystic (Volcano)
  A sea snake (shapeshifter) (D:13)
  4 infernal demonspawn (Pan)
  A tengu zombie (Vaults:3)
  10 flayed ghosts
  25 deep trolls
  7 wizards
  5 shadow demons
  13 deep elf archers
  3 gelid demonspawn
  4 torturous demonspawn (Pan)
  17 harpies
  9 phantasmal warriors
  9 ironbrand convokers
  7 orc knights
  63 deep elf magi
  49 ugly things
  A harpy (shapeshifter) (Vaults:2)
  12 necromancers
  9 orc sorcerers
  A stone giant zombie (Crypt:2)
  3 wolf spider zombies
  An orb spider (shapeshifter) (Vaults:5)
  7 orb spiders
  An oklob plant (Orc:1)
  22 wolf spiders
  5 salamanders
  9 manticores
  A faun (shapeshifter) (Depths:2)
  2 worldbinders (Abyss:3)
  3 shining eyes
  8 fauns
  27 cyclopes
  13 griffons
  29 moths of wrath
  A guardian serpent (Depths:1)
  A guardian serpent (shapeshifter) (Vaults:5)
  3 rust devils
  4 merfolk sirens
  28 smoke demons
  16 elephants
  2 rotting hulks (Crypt:2)
  4 black mambas
  A storm dragon simulacrum (Vaults:1)
  An ice statue (IceCv)
  A black mamba (shapeshifter) (Vaults:3)
  6 vault sentinels
  4 apocalypse crabs
  5 eyes of devastation
  5 water nymphs
  A spiny frog (shapeshifter) (Depths:1)
  2 molten gargoyles (Volcano)
  Maurice (D:13)
  7 orange demons
  A gargoyle (D:14)
  7 spiny frogs
  6 centaur skeletons
  6 hellions
  A komodo dragon (shapeshifter) (Depths:4)
  2 catoblepas zombies (Crypt:3)
  A kobold demonologist (Abyss:3)
  2 efreet
  11 hellwings
  11 komodo dragons
  2 tormentors
  46 yaktaurs
  An ice devil (Zot:5)
  16 demonic crawlers
  2 grey draconian skeletons
  7 red devils
  22 freezing wraiths
  12 trolls
  5 tengu conjurers
  An entropy weaver simulacrum (Vaults:2)
  A queen ant zombie (Crypt:2)
  2 hydra zombies (Crypt:3)
  39 merfolk
  A silent spectre (Abyss:3)
  8 ancient zymes
  2 fireflies (Depths:5)
  15 small abominations
  10 hornets
  21 jumping spiders
  A green draconian skeleton (Crypt:1)
  2 polar bears (Lair:6)
  A sphinx simulacrum (Vaults:3)
  A raiju (shapeshifter) (Vaults:4)
  A queen bee (Lair:3)
  10 blink frogs
  A firefly (shapeshifter) (D:15)
  89 slime creatures
  2 ettin zombies
  13 raiju (Abyss:3)
  5 boulder beetles
  2 blink frogs (shapeshifter) (Abyss:3)
  3 harpy zombies (Shoals:1)
  7 ravens
  16 dream sheep
  A meliai zombie (D:11)
  8 snapping turtles
  An ice dragon skeleton (Crypt:3)
  16 ynoxinuls
  3 air elementals
  A snapping turtle (shapeshifter) (Depths:5)
  25 tarantellas
  A dire elephant simulacrum (Crypt:2)
  6 shadows
  58 flying skulls
  49 redbacks
  4 spriggans
  8 wraiths
  8 wyverns
  3 vampires
  11 water elementals
  A human (shapeshifter) (Depths:4)
  35 yaks
  3 fire bats
  4 fire elementals
  2 golden eyes (shapeshifter)
  A human (D:12)
  8 hippogriffs
  6 golden eyes
  2 hogs (Lair:4)
  4 vampire mosquitoes (D:15)
  6 basilisks
  2 steam dragons
  5 neqoxecs (Abyss:3)
  3 insubstantial wisps (Abyss:3)
  A spatial vortex (Abyss:3)
  Menkaure (D:6)
  15 chaos spawn
  10 wargs
  5 acid dragons
  7 soldier ants
  8 water moccasins
  4 floating eyes
  2 rot devils
  A floating eye (shapeshifter) (D:15)
  6 hell hounds
  3 porcupines
  Duvessa (D:6)
  A raven skeleton (Crypt:1)
  8 ice beasts
  49 orc warriors
  5 sky beasts
  A black bear (D:7)
  An alligator simulacrum (IceCv)
  7 necrophages
  6 eyes of draining
  60 ogres
  A boggart (shapeshifter) (Elf:3)
  11 wolves
  A swamp dragon skeleton (Crypt:2)
  4 phantoms
  24 centaurs
  An elephant skeleton (Crypt:2)
  14 crocodiles
  3 elf zombies
  7 big kobolds
  2 brain worms
  20 bullfrogs
  A draconian skeleton (Crypt:1)
  A wyvern zombie (D:15)
  An earth elemental (Abyss:2)
  An elf skeleton (Crypt:1)
  Dowan (D:6)
  A glowing shapeshifter simulacrum (Vaults:3)
  8 scorpions
  16 killer bees
  An elephant simulacrum (IceCv)
  4 howler monkeys
  4 lava snakes (Volcano)
  4 crimson imps
  A goliath beetle (D:7)
  3 bullfrog zombies
  4 draconian simulacra (IceCv)
  2 human zombies
  10 quasits
  A demonspawn zombie (Crypt:1)
  8 centaur zombies
  7 hounds
  A gnoll shaman (D:7)
  24 orc priests
  6 bullfrog skeletons
  5 iron imps
  8 jellies
  31 orc wizards
  Jessica (D:2)
  4 iguanas
  3 troll simulacra (IceCv)
  Natasha (twice) (D:2)
  22 worker ants
  2 spriggan simulacra (IceCv)
  2 wolf simulacra (IceCv)
  2 big kobold zombies (Ossuary)
  3 centaur simulacra
  2 hound skeletons
  2 mummies (Ossuary)
  A worker ant zombie (Crypt:1)
  10 gnolls
  4 river rats (Sewer)
  21 adders
  4 naga simulacra (IceCv)
  5 ogre simulacra (IceCv)
  4 shadow imps
  16 white imps
  6 ufetubi
  An adder zombie (D:6)
  4 adder skeletons
  2 worms
  12 dart slugs
  5 leopard geckos
  138 orcs
  A bat zombie (Shoals:1)
  3 giant cockroaches
  9 goblins
  10 hobgoblins
  2 jackals (D:7)
  8 weasels
  13 ball pythons
  7 bats
  6 frilled lizards
  A frilled lizard zombie (Crypt:1)
  9 hobgoblin zombies (Ossuary)
  2 jackal skeletons (D:4)
  2 jackal zombies (Ossuary)
  30 kobolds
  7 kobold zombies (Ossuary)
  2 leopard gecko skeletons
  An orc skeleton (Crypt:3)
  10 orc zombies (Ossuary)
  32 rats
  2 rat zombies (Ossuary)
  2 briar patches (Pan)
  A bush (Lair:6)
  5 crawling corpses (Elf:3)
  3 fungi
  10 plants
  A starspawn tentacle (Abyss:1)
  15 tentacles
3112 creatures vanquished.

Vanquished Creatures (collateral kills)
  A Killer Klown (Zot:5)
  A golden dragon (Zot:4)
  2 electric golems (Zot:2)
  6 Orb Guardians (Zot:5)
  A Hell Sentinel (Pan)
  A tentacled monstrosity (Vaults:5)
  2 titans (Vaults:5)
  A kraken (Shoals:4)
  Gastronok (Lair:3)
  A death cob (Zot:1)
  2 storm dragons
  2 fire giants
  A tengu reaver (Depths:4)
  A shadow dragon (Vaults:5)
  A draconian monk (Zot:2)
  A deep elf sorcerer (Elf:3)
  A draconian scorcher (Zot:4)
  3 frost giants
  A vault warden (Vaults:5)
  An orc warlord (Orc:1)
  A cacodemon (Pan)
  3 emperor scorpions
  2 draconian shifters
  A deep elf elementalist (Elf:3)
  2 ironheart preservers (Vaults:5)
  A reaper (Depths:5)
  A corrupter (Pan)
  2 very ugly things
  A draconian annihilator (Zot:4)
  4 stone giants
  A draconian stormcaller (Zot:2)
  A purple draconian (Zot:4)
  A black draconian (Zot:1)
  2 green draconians
  A dire elephant (Lair:5)
  2 red draconians
  4 white draconians
  2 lorocyprocas (Pan)
  3 spark wasps
  3 deep elf death magi
  6 ettins
  A blizzard demon (Pan)
  A merfolk javelineer (Shoals:2)
  A merfolk impaler (Shoals:3)
  2 fire dragons (Depths:4)
  3 great orbs of eyes
  A vault guard (Vaults:5)
  3 yaktaur captains
  A spriggan air mage (Depths:5)
  A merfolk avatar (Shoals:1)
  Harold (Orc:1)
  An alligator snapping turtle (Shoals:4)
  A hydra (Lair:5)
  2 centaur warriors
  A merfolk aquamancer (Shoals:4)
  A satyr (Shoals:3)
  8 two-headed ogres
  3 dancing weapons (Elf:2)
  A deep troll earth mage (Depths:1)
  4 ogre magi
  A vampire mage (Depths:2)
  An orc high priest (Orc:2)
  A naga sharpshooter (Depths:1)
  2 soul eaters (Pan)
  A spriggan berserker (Depths:2)
  A shadow wraith (Abyss:3)
  2 deep elf knights (Elf:2)
  An iron troll (Depths:4)
  2 sun demons (Pan)
  5 sea snakes
  A shadow demon (Pan)
  3 deep trolls
  3 torturous demonspawn (Pan)
  3 hell knights
  2 ironbrand convokers
  2 wizards
  An orc knight (Vaults:2)
  A deep elf archer (Vaults:2)
  An anaconda skeleton (Crypt:2)
  5 harpies
  4 fauns
  3 orb spiders (Spider:4)
  8 deep elf magi
  An orc sorcerer (Vaults:3)
  9 ugly things
  13 wolf spiders
  3 manticores
  7 moths of wrath
  3 cyclopes
  2 griffons
  3 water nymphs
  10 elephants
  2 vault sentinels
  A torpor snail (Spider:2)
  3 orange demons (Pan)
  3 merfolk sirens
  A spiny frog (Lair:5)
  2 smoke demons (Pan)
  A rime drake (Lair:6)
  2 komodo dragons (Lair:1)
  A hellwing (Depths:5)
  A freezing wraith (IceCv)
  3 yaktaurs
  4 demonic crawlers
  A tengu conjurer (Depths:1)
  9 merfolk
  9 jumping spiders
  A wind drake (Shoals:4)
  4 hornets
  8 blink frogs
  9 dream sheep
  A griffon zombie (Shoals:1)
  4 snapping turtles
  2 boulder beetles
  Sigmund (D:6)
  A flying skull (Abyss:2)
  20 redbacks
  A tarantella (shapeshifter) (Vaults:5)
  11 tarantellas
  A water elemental (Shoals:4)
  11 yaks
  3 wraiths
  4 wyverns
  3 fire elementals
  A basilisk (Lair:6)
  2 hogs (Lair:4)
  6 hippogriffs
  3 chaos spawn
  2 hungry ghosts
  A steam dragon (D:11)
  A small abomination (Abyss:2)
  A soldier ant (Lair:2)
  An acid dragon (shapeshifter) (Vaults:3)
  2 water moccasins
  3 porcupines
  A spiny frog zombie (Crypt:3)
  A black bear (Lair:6)
  7 orc warriors
  A necrophage (D:12)
  7 ogres
  A centaur (Shoals:4)
  5 wolves
  A crocodile (Lair:6)
  5 bullfrogs
  A wyvern skeleton (D:9)
  2 wights
  11 killer bees (Lair:3)
  A howler monkey (D:9)
  A bullfrog zombie (D:12)
  A quasit (Depths:3)
  An orc wizard (D:5)
  A gnoll shaman (D:3)
  An iguana (D:14)
  An orc priest (Orc:2)
  A worker ant (D:12)
  Natasha (D:2)
  2 white imps (IceCv)
  A worm (D:2)
  9 orcs
  A goblin (D:3)
  A kobold (D:2)
  A bat (D:2)
  A rat (D:3)
  A briar patch (Pan)
  A bush (Lair:6)
  6 fungi
  11 plants
  2 tentacles (Shoals:3)
457 creatures vanquished.

Vanquished Creatures (others)
  A bone dragon (Abyss:3)
  A deep elf master archer (Elf:3)
  2 fire giants
  A balrug (Pan)
  An entropy weaver (Spider:4)
  A purple draconian (Zot:4)
  A lorocyproca (Pan)
  A blizzard demon (Pan)
  A sixfirhy (Pan)
  An iron troll (Depths:1)
  A torturous demonspawn (Pan)
  A gelid demonspawn (Pan)
  A deep troll (Depths:1)
  3 deep elf archers
  A deep elf mage (Elf:1)
  3 moths of wrath (Zot:5)
  A redback (Spider:4)
  A small abomination (Abyss:3)
  An air elemental (Elf:3)
  A warg (Vaults:3)
  A centaur (D:13)
  A jelly (D:14)
  An adder zombie (D:8)
  2 orcs
  A briar patch (Pan)
  A bush (Lair:6)
  A fire vortex (Pan)
  95 fungi
  62 plants
  12 starspawn tentacles
  38 tentacles
240 creatures vanquished.

Grand Total: 3809 creatures vanquished

Notes
Turn   | Place    | Note
-------+----------+-------------------------------------------
     0 | D:1      | damerell the Deep Dwarf Necromancer began the quest for the
                  | Orb.
     0 | D:1      | Reached XP level 1. HP: 15/15 MP: 3/3
   793 | D:1      | Reached XP level 2. HP: 24/24 MP: 2/4
  1054 | D:2      | Reached skill level 1 in Shields
  1268 | D:2      | Found a shimmering altar of Xom.
  1353 | D:2      | Reached skill level 1 in Fighting
  1371 | D:2      | Reached skill level 5 in Necromancy
  1371 | D:2      | Reached XP level 3. HP: 24/31 MP: 2/5
  1414 | D:2      | Noticed Natasha
  1426 | D:2      | Killed Natasha
  1541 | D:2      | Noticed Natasha
  1551 | D:2      | Killed Natasha
  1551 | D:2      | Reached XP level 4. HP: 14/38 MP: 0/7
  1556 | D:2      | Learned a level 3 spell: Vampiric Draining
  1660 | D:2      | Noticed Jessica
  1665 | D:2      | HP: 5/38 [something (9)]
  1747 | D:2      | Killed Jessica
  2098 | D:2      | Noticed Natasha
  2107 | D:2      | Killed Natasha
  2402 | D:2      | Reached XP level 5. HP: 27/45 MP: 1/8
  2915 | D:3      | HP: 9/45 [orc wizard/magic dart (7)]
  3205 | D:3      | Found a three-legged altar of Ihp'ix.
  3221 | D:3      | Found a bloodstained altar of Trog.
  3654 | D:3      | Reached XP level 6. HP: 33/52 MP: 5/10
  3896 | D:3      | Found a faded altar of an unknown god.
  4728 | D:3      | Found a deep blue altar of Sif Muna.
  4951 | D:4      | Found Rili's General Store.
  4992 | D:4      | Bought a scroll of identify for 22 gold pieces
  4992 | D:4      | Bought a scroll of blinking for 82 gold pieces
  4992 | D:4      | Bought a scroll of fog for 22 gold pieces
  5023 | D:4      | Reached skill level 1 in Maces & Flails
  5804 | D:3      | Reached XP level 7. HP: 41/60 MP: 11/11
  6349 | D:5      | Entered Level 5 of the Dungeon
  6644 | D:5      | Found an ornate altar of the Wu Jian Council.
  6735 | D:5      | Learned a level 4 spell: Animate Dead
  6881 | D:5      | HP: 9/60 [ice beast (12)]
  7011 | D:5      | HP: 18/60 [shadow imp/nerve-wracking pain (3)]
  7102 | D:5      | Reached XP level 8. HP: 46/67 MP: 3/13
  7911 | D:5      | Got a faintly glowing ring mail
  8429 | D:6      | Found a staircase to the Ecumenical Temple.
  8449 | Temple   | Entered the Ecumenical Temple
  8468 | Temple   | Became a worshipper of Makhleb the Destroyer
  8501 | D:6      | Noticed Duvessa
  8501 | D:6      | Noticed Dowan
  8697 | D:6      | Noticed Menkaure
  8707 | D:6      | HP: 22/69 [??? (18)]
  8709 | D:6      | Killed Menkaure
  8709 | D:6      | Reached skill level 1 in Invocations
  8741 | D:6      | Found a glowing drain.
  8764 | Sewer    | Entered a sewer
  9346 | Sewer    | Reached * piety under Makhleb
  9812 | D:6      | Reached skill level 5 in Shields
 10168 | D:6      | Gained mutation: You passively map the area around you.
                  | [Deep Dwarf growth]
 10168 | D:6      | Reached XP level 9. HP: 63/75 MP: 7/14
 10457 | D:6      | Noticed Sigmund
 10466 | D:6      | Killed Sigmund
 10466 | D:6      | Reached skill level 5 in Dodging
 10976 | D:6      | Identified the +4 ring mail "Pife" {*Slow rPois rF+++
                  | rCorr} (You found it on level 5 of the Dungeon)
 11076 | D:6      | Reached ** piety under Makhleb
 11203 | D:6      | Killed Duvessa
 11213 | D:6      | Killed Dowan
 11275 | D:7      | Found an opulent altar of Gozag.
 11320 | D:7      | Found a blossoming altar of Fedhas.
 11629 | D:7      | Noticed a two-headed ogre
 11885 | D:7      | HP: 19/78 [two-headed ogre/giant club (18)]
 11891 | D:7      | Killed a two-headed ogre
 11891 | D:7      | Reached skill level 5 in Spellcasting
 11891 | D:7      | Reached skill level 5 in Invocations
 12026 | D:7      | HP: 26/79 [orc priest/hand axe (3)]
 12529 | D:7      | Reached *** piety under Makhleb
 12772 | D:7      | Found a sacrificial altar of Ru.
 12984 | D:7      | Found a white marble altar of Elyvilon.
 13312 | D:7      | Reached XP level 10. HP: 86/86 MP: 0/16
 13547 | D:8      | Found Zybakhluif's Supply Boutique.
 13592 | D:8      | Found Yjemoysial's Assorted Antiques.
 13610 | D:8      | Found a sand-covered staircase.
 13624 | Ossuary  | Entered an ossuary
 13846 | Ossuary  | Reached **** piety under Makhleb
 14076 | Ossuary  | Reached skill level 5 in Maces & Flails
 14139 | D:8      | Bought a scroll labeled QAFYERE HEISE for 28 gold pieces
 14139 | D:8      | Bought a transparent turquoise ring for 140 gold pieces
 14139 | D:8      | Bought 3 scrolls labeled YMUTE BEUZUSIL for 84 gold pieces
 14139 | D:8      | Bought a scroll of identify for 56 gold pieces
 14141 | D:8      | Identified the ring "Bohuf" {rCorr Str+2} (You bought it in
                  | a shop on level 8 of the Dungeon)
 14667 | D:8      | Reached ***** piety under Makhleb
 14723 | D:8      | Found a shattered altar of Ashenzari.
 14797 | D:8      | Learned a level 2 spell: Shroud of Golubria
 15097 | D:8      | Noticed a brown ugly thing
 15102 | D:8      | Reached skill level 1 in Translocations
 15102 | D:8      | Noticed a deep elf mage
 15108 | D:8      | HP: 25/87 [brown ugly thing (11)]
 15127 | D:8      | HP: 25/87 [brown ugly thing (5)]
 15167 | D:8      | Found an ancient bone altar of Kikubaaqudgha.
 15634 | D:8      | Reached skill level 5 in Fighting
 16084 | D:8      | Reached skill level 1 in Charms
 16218 | D:8      | Found Zybakhluif's Supply Boutique.
 16255 | D:8      | Killed a brown ugly thing
 16356 | D:8      | Found Yjemoysial's Assorted Antiques.
 16410 | D:8      | Found a shattered altar of Ashenzari.
 16443 | D:8      | Found an ancient bone altar of Kikubaaqudgha.
 16957 | D:8      | Killed a deep elf mage
 17389 | D:9      | Reached skill level 1 in Evocations
 17557 | D:9      | Noticed a two-headed ogre
 17563 | D:9      | Killed a two-headed ogre
 17694 | D:9      | Reached XP level 11. HP: 94/94 MP: 15/17
 17771 | D:9      | Found a staircase to the Lair.
 18121 | D:8      | Bought a glowing platinum amulet for 140 gold pieces
 18267 | D:9      | Found a snail-covered altar of Cheibriados.
 18418 | D:9      | Found a basalt altar of Yredelemnul.
 18776 | Lair:1   | Entered Level 1 of the Lair of Beasts
 19667 | Lair:1   | Noticed ceb's ghost (journeyman FDNe)
 19671 | Lair:1   | Witnessed revenge of ceb's ghost on a komodo dragon.
 20103 | Lair:1   | HP: 31/94 [komodo dragon (21)]
 20819 | Lair:2   | Noticed a queen ant
 20885 | Lair:2   | Killed a queen ant
 20941 | Lair:2   | HP: 29/94 [poisoned by a soldier ant]
 22009 | Lair:2   | Found a hole to the Spider Nest.
 22448 | Lair:3   | Noticed Gastronok
 22462 | Lair:3   | Killed Gastronok
 22462 | Lair:3   | Reached skill level 5 in Evocations
 22462 | Lair:3   | Reached XP level 12. HP: 62/104 MP: 0/20
 22570 | Lair:3   | Noticed a catoblepas
 22681 | Lair:3   | Found a dark tunnel.
 22694 | Volcano  | Entered a volcano
 23054 | Volcano  | Found a burning altar of Makhleb.
 23063 | Volcano  | Reached skill level 10 in Necromancy
 23114 | Volcano  | Reached skill level 5 in Translocations
 23176 | Volcano  | Got an ichor-stained scale mail
 23187 | Volcano  | Identified the cursed +1 scale mail of Undesirable Species
                  | {rPois MR- rCorr} (You found it in a volcano)
 23508 | Lair:3   | Reached skill level 1 in Axes
 23574 | Lair:3   | Killed a catoblepas
 23985 | Lair:3   | HP: 32/105 [blink frog (4)]
 23999 | Lair:3   | HP: 25/105 [blink frog (12)]
 24008 | Lair:3   | HP: 28/105 [blink frog (13)]
 24156 | Lair:3   | Noticed a six-headed hydra
 24167 | Lair:3   | Killed a five-headed hydra
 24829 | Lair:4   | Found a staircase to the Shoals.
 24923 | Lair:4   | Noticed Kirke
 24959 | Shoals:1 | Entered Level 1 of the Shoals
 24963 | Shoals:1 | Noticed a merfolk impaler
 25134 | Lair:4   | Learned a level 2 spell: Blink
 25288 | Lair:4   | Killed Kirke
 25290 | Lair:4   | Noticed a six-headed hydra
 25331 | Lair:4   | Killed a five-headed hydra
 25331 | Lair:4   | Reached XP level 13. HP: 85/111 MP: 19/21
 25466 | Lair:4   | Reached skill level 5 in Axes
 26089 | Lair:5   | Displaced on stairs
 26624 | Lair:5   | Reached ****** piety under Makhleb
 26633 | Lair:5   | Noticed a dire elephant
 26652 | Lair:5   | HP: 9/111 [dire elephant (32)]
 26793 | Lair:5   | Found a staircase to the Slime Pits.
 26793 | Lair:5   | Found a viscous altar of Jiyva.
 26802 | Lair:5   | HP: 26/111 [black mamba (6)]
 26964 | Lair:5   | HP: 20/111 [komodo dragon (29)]
 27092 | Lair:5   | HP: 24/111 [four-headed hydra (14)]
 27092 | Lair:5   | HP: 9/111 [four-headed hydra (15)]
 27918 | Lair:5   | Killed a dire elephant
 28179 | Lair:6   | Entered Level 6 of the Lair of Beasts
 28415 | Lair:6   | Reached skill level 5 in Charms
 28822 | Lair:6   | Reached skill level 10 in Dodging
 29315 | Lair:6   | Gained mutation: You resist negative energy. (rN+) [Deep
                  | Dwarf growth]
 29315 | Lair:6   | Reached XP level 14. HP: 120/120 MP: 20/22
 29441 | Lair:6   | Reached skill level 10 in Evocations
 29764 | Lair:6   | HP: 38/121 [dire elephant (25)]
 30471 | Lair:6   | HP: 38/123 [five-headed hydra (3)]
 30473 | Lair:6   | HP: 14/123 [five-headed hydra (7)]
 30893 | D:10     | Entered Level 10 of the Dungeon
 30893 | D:10     | Noticed Josephine
 30898 | D:9      | HP: 36/123 [wraith[Josephine] (2)]
 30900 | D:9      | Killed Josephine
 30905 | D:9      | HP: 30/123 [wraith[Josephine] (1)]
 30956 | D:10     | Reached skill level 10 in Invocations
 31313 | D:4      | Bought a scroll of blinking for 82 gold pieces
 32178 | D:11     | Found a runed door.
 32190 | D:11     | Noticed Sonja
 32191 | D:11     | Noticed Sonja
 32191 | D:11     | Sonja changed into Sonja the steam dragon
 32198 | D:11     | Killed Sonja the steam dragon
 32393 | D:11     | Found a runed door.
 32768 | D:11     | Learned a level 1 spell: Magic Dart
 32974 | D:11     | Reached skill level 10 in Shields
 33312 | D:11     | Reached skill level 1 in Conjurations
 33856 | D:12     | Found a frozen archway.
 33908 | D:12     | Noticed Azrael
 33911 | IceCv    | Entered an ice cave
 34226 | IceCv    | Reached XP level 15. HP: 66/132 MP: 21/23
 34446 | IceCv    | Found an ancient bone altar of Kikubaaqudgha.
 35126 | D:12     | Killed Azrael
 35485 | D:12     | HP: 41/132 [vampire (11)]
 35871 | D:12     | Got a sheer robe
 35882 | D:12     | Identified the +2 robe of Makhleb's Benevolence {rCorr
                  | Str+2 Dex+4} (You found it on level 12 of the Dungeon)
 36138 | D:12     | Found a roughly hewn altar of Beogh.
 36140 | D:12     | Found a staircase to the Orcish Mines.
 36379 | D:12     | Learned a level 3 spell: Conjure Flame
 36906 | Orc:1    | Entered Level 1 of the Orcish Mines
 36906 | Orc:1    | Noticed Snorg
 36915 | Orc:1    | Killed Snorg
 36949 | Orc:1    | Reached skill level 1 in Fire Magic
 37255 | Orc:1    | Noticed Harold
 37272 | Orc:1    | Killed Harold
 37610 | Orc:2    | Entered Level 2 of the Orcish Mines
 37610 | Orc:2    | Noticed Donald
 37622 | Orc:1    | HP: 41/132 [Donald/long sword of protection (22)]
 37656 | Orc:1    | Killed Donald
 37957 | Orc:2    | Noticed Erolcha
 37990 | Orc:2    | Killed Erolcha
 38533 | Orc:2    | Noticed an orc warlord
 38561 | Orc:2    | HP: 37/132 [orc priest/divine providence[an orc warlord]
                  | (12)]
 38782 | Orc:1    | Noticed an orc warlord
 39011 | D:13     | HP: 42/132 [centaur[a centaur warrior] (3)]
 39017 | D:13     | HP: 38/132 [purple ugly thing (5)]
 39166 | D:13     | HP: 42/132 [wizard/dagger (1)]
 39169 | D:13     | Reached skill level 5 in Conjurations
 39177 | D:13     | Identified Keacoumm's Handbook of Combed Thunderclap
 39635 | D:13     | Noticed Urug
 39651 | D:13     | Killed Urug
 39805 | D:13     | Reached skill level 10 in Axes
 40154 | D:13     | Found a gate to the Vaults.
 40212 | D:13     | Learned a level 5 spell: Borgnjor's Vile Clutch
 40319 | D:13     | Reached skill level 1 in Earth Magic
 40854 | D:13     | Identified Voboos's Incunabulum of Axaxaxas mlö
 40861 | D:13     | Identified the Grimoire of Sand
 40969 | D:13     | Reached skill level 5 in Fire Magic
 40995 | D:13     | Reached skill level 2 in Earth Magic
 41278 | D:13     | Noticed Maurice
 41284 | D:13     | Killed Maurice
 41284 | D:13     | Reached skill level 3 in Earth Magic
 41312 | D:13     | Reached skill level 4 in Earth Magic
 41320 | D:13     | Reached XP level 16. HP: 141/141 MP: 2/23
 41524 | D:13     | Identified Setuin's Disquisition on the Mountains
 41951 | Orc:1    | Reached skill level 5 in Earth Magic
 42692 | Orc:2    | Reached skill level 6 in Earth Magic
 43218 | Orc:2    | Found Withros's General Store.
 43356 | Orc:2    | Found a staircase to the Elven Halls.
 43485 | Orc:2    | Found Cypue's Jewellery Shop.
 43678 | Orc:2    | Found Vizeapho's Antique Armour Shop.
 43757 | Orc:2    | Found Feuhun's Antique Weapon Shoppe.
 43856 | Orc:2    | Learned a level 6 spell: Statue Form
 43978 | D:14     | Reached skill level 7 in Earth Magic
 43992 | D:14     | Reached skill level 1 in Transmutations
 44711 | D:14     | Found Goxeam's Mass Market.
 44724 | D:14     | Learned a level 3 spell: Ozocubu's Armour
 44945 | D:14     | Found a three-legged altar of Ihp'ix.
 44956 | D:14     | Reached skill level 1 in Ice Magic
 45802 | D:15     | Entered Level 15 of the Dungeon
 47181 | D:15     | Found a staircase to the Depths.
 47631 | Spider:1 | Entered Level 1 of the Spider Nest
 48856 | Spider:1 | Reached skill level 5 in Ice Magic
 49495 | Spider:2 | Learned a level 5 spell: Iskenderun's Battlesphere
 50988 | Spider:2 | Reached XP level 17. HP: 151/151 MP: 10/26
 53022 | Spider:4 | Entered Level 4 of the Spider Nest
 53914 | Spider:4 | Got an ichor-stained morningstar
 53915 | Spider:4 | Identified the +3 morningstar of the Common Good {crush,
                  | rC+ MR- Int+3} (You found it on level 4 of the Spider Nest)
 54180 | Spider:4 | Noticed damerell's ghost (adept CeCK)
 54184 | Spider:4 | Witnessed revenge of damerell's ghost on an entropy weaver.
 54212 | Spider:4 | Reached skill level 10 in Fighting
 54287 | Spider:4 | HP: 37/153 [spark wasp/living lightning (20)]
 54288 | Spider:4 | HP: 14/153 [spark wasp (23)]
 54288 | Spider:4 | HP: 2/153 [spark wasp (12)]
 55184 | Spider:4 | Got a gossamer rune of Zot
 57265 | Shoals:2 | Got a smoking scale mail
 57276 | Shoals:2 | Identified the +1 scale mail "Nibuihoa" {Str+4} (You found
                  | it on level 2 of the Shoals)
 57522 | Shoals:2 | Noticed a kraken
 57542 | Shoals:2 | Killed a kraken
 58012 | Shoals:3 | Reached skill level 10 in Ice Magic
 58019 | Shoals:3 | Gained mutation: You passively map a large area around you.
                  | [Deep Dwarf growth]
 58019 | Shoals:3 | Reached XP level 18. HP: 160/160 MP: 14/27
 58024 | Shoals:3 | Found Ukhos's Distillery.
 58114 | Shoals:3 | Bought a potion of curing for 36 gold pieces
 58114 | Shoals:3 | Bought a potion of curing for 36 gold pieces
 58114 | Shoals:3 | Bought a potion of curing for 36 gold pieces
 58114 | Shoals:3 | Found Zeaphe's General Store.
 58145 | Shoals:3 | Bought 2 scrolls of identify for 52 gold pieces
 58145 | Shoals:3 | Bought a scroll of teleportation for 39 gold pieces
 58322 | Shoals:3 | Got a fine leather armour
 58333 | Shoals:3 | Identified the +5 leather armour "Cinop" {Dex+3} (You found
                  | it on level 3 of the Shoals)
 58557 | Shoals:3 | Found Izach's Antique Armour Emporium.
 58565 | Shoals:3 | Bought a blackened cloak for 285 gold pieces
 58565 | Shoals:3 | Bought a pair of glowing boots for 225 gold pieces
 58586 | Shoals:3 | Identified the +0 cloak of the Trout {rN+ Int+7} (You
                  | bought it in a shop on level 3 of the Shoals)
 59524 | Shoals:3 | Found Soc Nor's Supply Shoppe.
 59997 | Shoals:4 | Entered Level 4 of the Shoals
 60296 | Shoals:4 | Found a runed door.
 60479 | Shoals:4 | Got a sparkling ivory ring
 60481 | Shoals:4 | Identified the ring of the Genius {*Slow +Inv +Fly rN+
                  | Slay+5} (You found it on level 4 of the Shoals)
 61033 | Shoals:4 | Upgraded the game from 0.23-ish-327-89-g090f3deafc to
                  | 0.23-ish-327-92-g4e138c7aa0
 61424 | Shoals:4 | Got a barnacled rune of Zot
 61698 | Shoals:4 | Reached skill level 8 in Earth Magic
 62572 | Shoals:4 | Got an ancient crystal amulet
 62574 | Shoals:4 | Identified the amulet "Ytuf Tosh" {Harm Int+3} (You found
                  | it on level 4 of the Shoals)
 62856 | Vaults:1 | Entered Level 1 of the Vaults
 63009 | Vaults:1 | Found a portal to a secret trove of treasure.
 63178 | Vaults:1 | Found Ciosan's Supply Shop.
 63303 | Vaults:1 | Reached XP level 19. HP: 168/168 MP: 22/28
 63582 | Vaults:1 | Noticed Asterion
 63593 | Vaults:1 | Killed Asterion
 64110 | D:15     | Learned a level 5 spell: Irradiate
 65334 | Vaults:2 | Reached skill level 5 in Transmutations
 65731 | Vaults:2 | Found Hogeror's Book Boutique.
 66206 | Vaults:2 | Noticed Frederick
 66228 | Vaults:2 | Killed Frederick
 66687 | Vaults:2 | Noticed Xtahua
 66695 | Vaults:2 | Killed Xtahua
 66793 | Vaults:2 | Found Pimaapt's Weapon Shop.
 67081 | Vaults:3 | Reached skill level 15 in Shields
 67417 | Vaults:3 | Reached XP level 20. HP: 180/180 MP: 20/29
 68475 | Vaults:3 | Found a staircase to the Crypt.
 69847 | Vaults:4 | Reached skill level 15 in Ice Magic
 70617 | Vaults:4 | Reached skill level 15 in Axes
 70921 | Vaults:4 | Reached skill level 15 in Dodging
 71273 | Vaults:2 | Bought a book of Misfortune for 360 gold pieces
 71279 | Vaults:2 | Learned a level 5 spell: Yara's Violent Unravelling
 71376 | Vaults:4 | Reached skill level 1 in Hexes
 71628 | Vaults:4 | Identified a scroll of acquirement
 71629 | Vaults:4 | Acquired a +2 amulet of reflection
 72034 | Elf:1    | Entered Level 1 of the Elven Halls
 72269 | Elf:1    | Found an ancient bone altar of Kikubaaqudgha.
 72880 | Elf:1    | Found Onuuguve's Magic Scroll Boutique.
 73653 | Elf:2    | Found a runed gate.
 73654 | Elf:2    | Found a runed gate.
 73658 | Elf:2    | Found a runed gate.
 73733 | Elf:2    | Found Nietta's Assorted Antiques.
 73967 | Elf:2    | Paralysed by a Zot trap for 5 turns
 74161 | Elf:2    | Reached XP level 21. HP: 189/189 MP: 22/31
 75513 | Elf:3    | Entered Level 3 of the Elven Halls
 75646 | Elf:3    | Found a flickering gateway to a bazaar.
 75683 | Bazaar   | Entered a bazaar
 75683 | Bazaar   | Found Iwkycw Besch's Magic Scroll Boutique.
 75683 | Bazaar   | Found Rozoj's Assorted Antiques.
 75683 | Bazaar   | Found Vional's Antique Armour Emporium.
 75684 | Bazaar   | Found Ithit's Distillery.
 75684 | Bazaar   | Found Zuutolu's Gadget Shoppe.
 75706 | Bazaar   | Bought a scroll of fog for 28 gold pieces
 75709 | Bazaar   | Bought a pair of glowing boots for 165 gold pieces
 75730 | Bazaar   | Bought 2 potions of agility for 128 gold pieces
 75730 | Bazaar   | Bought a potion of curing for 48 gold pieces
 75730 | Bazaar   | Bought 2 potions of haste for 320 gold pieces
 75730 | Bazaar   | Bought a potion of curing for 48 gold pieces
 75730 | Bazaar   | Bought a potion of haste for 160 gold pieces
 75730 | Bazaar   | Bought a potion of agility for 64 gold pieces
 75730 | Bazaar   | Bought a potion of curing for 48 gold pieces
 75730 | Bazaar   | Bought a potion of cancellation for 128 gold pieces
 75730 | Bazaar   | Bought a potion of curing for 48 gold pieces
 75733 | Bazaar   | Bought a scroll of identify for 28 gold pieces
 75733 | Bazaar   | Bought a scroll of enchant armour for 105 gold pieces
 75733 | Bazaar   | Bought a scroll of identify for 28 gold pieces
 75733 | Bazaar   | Bought a scroll of magic mapping for 49 gold pieces
 75733 | Bazaar   | Bought a scroll of identify for 28 gold pieces
 75733 | Bazaar   | Bought a scroll of enchant armour for 105 gold pieces
 75733 | Bazaar   | Bought a scroll of identify for 28 gold pieces
 75733 | Bazaar   | Bought a scroll of identify for 28 gold pieces
 75736 | Bazaar   | Bought a scroll of identify for 28 gold pieces
 75736 | Bazaar   | Bought a scroll of blinking for 105 gold pieces
 76651 | Elf:3    | Reached skill level 5 in Hexes
 77143 | Elf:3    | Got a smoking broad axe {chop}
 77144 | Elf:3    | Identified the +5 broad axe of Defence {chop, Dex+2 SInv}
                  | (You took it off a deep elf sorcerer on level 3 of the
                  | Elven Halls)
 77359 | Elf:3    | Got a crude bone amulet
 77361 | Elf:3    | Identified the amulet of Wuxuax {Acrobat Int+6 SInv} (You
                  | found it on level 3 of the Elven Halls)
 77459 | Elf:3    | Identified the Reference Book on Frigorific Flames
 77937 | Crypt:1  | Entered Level 1 of the Crypt
 78501 | Crypt:1  | Found a huge runed gate.
 78502 | Crypt:1  | Found a huge runed gate.
 78502 | Crypt:1  | Found a huge runed gate.
 78502 | Crypt:1  | Found a huge runed gate.
 78503 | Crypt:1  | Found a huge runed gate.
 78503 | Crypt:1  | Found a huge runed gate.
 78505 | Crypt:1  | Found a huge runed gate.
 78505 | Crypt:1  | Found a huge runed gate.
 78506 | Crypt:1  | Found a huge runed gate.
 79749 | Crypt:2  | Reached XP level 22. HP: 199/199 MP: 31/32
 80036 | Crypt:2  | Reached skill level 10 in Spellcasting
 80050 | Crypt:2  | Learned a level 6 spell: Iron Shot
 80095 | Crypt:2  | Reached skill level 9 in Earth Magic
 80825 | Crypt:3  | Entered Level 3 of the Crypt
 81109 | Crypt:3  | Reached skill level 10 in Earth Magic
 81283 | Crypt:3  | Found a staircase to the Tomb.
 81766 | Crypt:3  | Found a basalt altar of Yredelemnul.
 81766 | Crypt:3  | Noticed an ancient lich
 81774 | Crypt:3  | Killed an ancient lich
 81940 | Crypt:3  | Got a twitching granite ring
 81942 | Crypt:3  | Identified the ring of Midwinter {rCorr +Blink Str+3 Int-4}
                  | (You found it on level 3 of the Crypt)
 81950 | Crypt:3  | Identified the Collected Works on Earthen Moulding
 82370 | Crypt:3  | Reached skill level 11 in Earth Magic
 83930 | Depths:1 | Entered Level 1 of the Depths
 83938 | Depths:1 | Noticed Louise
 83975 | Depths:1 | Reached XP level 23. HP: 195/211 MP: 4/35
 83975 | Depths:1 | Killed Louise
 83977 | Depths:1 | Reached skill level 12 in Earth Magic
 84330 | Depths:1 | Found a gateway to Hell.
 84552 | Depths:1 | Found a gateway to a ziggurat.
 84714 | Depths:1 | Found Vogotir's Serpentskin Sales.
 84800 | Depths:1 | Noticed a juggernaut
 84800 | Depths:1 | Noticed a caustic shrike
 84814 | Depths:1 | Killed a juggernaut
 84820 | Depths:1 | Killed a caustic shrike
 84820 | Depths:1 | Reached skill level 13 in Earth Magic
 85136 | Depths:1 | Found a one-way gate to the infinite horrors of the Abyss.
 85151 | Depths:1 | Voluntarily entered the Abyss.
 85269 | Abyss:2  | Found a corrupted altar of Lugonu.
 86078 | Abyss:3  | HP: 58/213 [??? (29)]
 86156 | Abyss:3  | Reached skill level 14 in Earth Magic
 86486 | Abyss:3  | Noticed ceb's ghost (master MDBe)
 86491 | Abyss:3  | Witnessed revenge of ceb's ghost on a bone dragon.
 86550 | Abyss:3  | Paralysed by accursed screaming for 1 turns
 87095 | Abyss:3  | Reached skill level 15 in Earth Magic
 87138 | Abyss:3  | Got an abyssal rune of Zot
 87223 | Depths:1 | Escaped the Abyss
 87256 | Depths:1 | Reached XP level 24. HP: 222/222 MP: 17/36
 87434 | Vaults:1 | You showed the abyssal rune of Zot to enter a treasure
                  | trove
 87435 | Trove    | Entered a treasure trove
 87443 | Trove    | Got a spiked leather armour
 87446 | Trove    | Got a pair of crude boots
 87448 | Trove    | Got a fine dwarven roundshield
 87472 | Trove    | Got a smelly plate armour
 87501 | Trove    | Identified the cursed +1 leather armour "Mestifodi" {Dex+4}
                  | (You found it in a treasure trove)
 87511 | Trove    | Identified the +2 pair of boots "Sizximif" {*Slow rCorr
                  | Int+3 Dex+4} (You found it in a treasure trove)
 87521 | Trove    | Identified the +0 dwarven roundshield of Konalej {Int+5}
                  | (You found it in a treasure trove)
 87645 | Vaults:1 | Identified the +7 plate armour of Tiusuob {rElec rPois
                  | Dex+3 SInv} (You found it in a treasure trove)
 88125 | Vaults:3 | Reached skill level 1 in Armour
 88250 | Vaults:1 | Learned a level 3 spell: Ozocubu's Armour
 89131 | Elf:2    | Bought a scroll of enchant armour for 217 gold pieces
 89131 | Elf:2    | Bought a scroll of blinking for 217 gold pieces
 90243 | Depths:2 | Noticed a juggernaut
 90253 | Depths:2 | Reached skill level 16 in Earth Magic
 90274 | Depths:2 | Killed a juggernaut
 92015 | Depths:2 | Found a one-way gate leading to the halls of Pandemonium.
 92036 | Depths:2 | Identified the +1 robe of Ru's Wrath {*Slow Int+2 Dex+3}
                  | (You took it off an iron imp on level 2 of the Depths)
 92537 | Vaults:2 | Bought a book of the Tempests for 1260 gold pieces
 92547 | Vaults:2 | Learned a level 9 spell: Shatter
 92907 | Depths:3 | Noticed Saint Roka
 92924 | Depths:3 | Reached skill level 17 in Earth Magic
 92929 | Depths:3 | Killed Saint Roka
 93767 | Depths:3 | Reached skill level 18 in Earth Magic
 94657 | Depths:3 | Reached XP level 25. HP: 222/229 MP: 32/37
 95201 | Depths:4 | Found a transporter.
 95327 | Depths:3 | Reached skill level 19 in Earth Magic
 96045 | Depths:4 | Found a transporter.
 96048 | Depths:4 | Found the +11 plutonium sword {*Contam Stlth-}
 96382 | Depths:4 | Reached skill level 20 in Earth Magic
 96796 | Depths:4 | Reached skill level 21 in Earth Magic
 96881 | Depths:4 | Got a flickering bronze amulet
 96882 | Depths:4 | Identified the amulet of Gyohuef {Faith MR++} (You found it
                  | on level 4 of the Depths)
 96896 | Depths:4 | Got an ancient zirconium amulet
 96897 | Depths:4 | Identified the amulet of False Pretenses {Harm SInv} (You
                  | found it on level 4 of the Depths)
 96955 | Depths:5 | Entered Level 5 of the Depths
 97098 | Depths:5 | Found a gate to the Realm of Zot.
 97330 | Depths:5 | Reached skill level 22 in Earth Magic
 98698 | Elf:3    | Identified the +0 hand axe of Kudimioc {holy, Str+4 Dex+6
                  | Stlth-} (You found it on level 3 of the Elven Halls)
 99073 | Vaults:5 | Entered Level 5 of the Vaults
 99074 | Vaults:5 | Reached skill level 23 in Earth Magic
 99076 | Vaults:5 | Reached XP level 26. HP: 237/237 MP: 21/37
100111 | Vaults:5 | Reached skill level 24 in Earth Magic
100385 | Vaults:5 | Reached skill level 15 in Fighting
100485 | Vaults:5 | Reached skill level 25 in Earth Magic
101141 | Vaults:5 | Got a scintillating lead ring
101142 | Vaults:5 | Identified the cursed ring "Zeli" {+Noise Dex+5 Slay+5
                  | *Curse} (You took it off a vault warden on level 5 of the
                  | Vaults)
101366 | Vaults:5 | Got a silver rune of Zot
101748 | Vaults:5 | Identified the +1 robe of Inviolability {+Fly MR+} (You
                  | found it on level 5 of the Vaults)
102544 | Vaults:2 | Reached skill level 26 in Earth Magic
102815 | Slime:1  | Entered Level 1 of the Pits of Slime
103448 | Slime:5  | Entered Level 5 of the Pits of Slime
103622 | Slime:5  | Found a viscous altar of Jiyva.
103703 | Slime:5  | Noticed the Royal Jelly
103716 | Slime:5  | Killed the Royal Jelly
103716 | Slime:5  | Reached skill level 27 in Earth Magic
103862 | Slime:5  | Reached XP level 27. HP: 252/252 MP: 5/37
104094 | Slime:5  | Got a slimy ivory ring
104095 | Slime:5  | Identified the ring of Rada Elawu {*Corrode rC++ rN+ MR+
                  | SInv} (You found it on level 5 of the Pits of Slime)
104134 | Slime:5  | Got a slimy rune of Zot
104136 | Slime:5  | Identified the cursed +0 buckler "Huragoet" {Str+2 Dex+3
                  | Stlth+} (You found it on level 5 of the Pits of Slime)
104573 | Pan      | Entered Pandemonium
105928 | Pan      | Noticed Ybbitur the pandemonium lord
105972 | Pan      | Killed Ybbitur the pandemonium lord
105972 | Pan      | Reached skill level 15 in Spellcasting
106001 | Pan      | Learned a level 6 spell: Death Channel
106892 | Pan      | Noticed Leuddycakh the pandemonium lord
106906 | Pan      | Killed Leuddycakh the pandemonium lord
106993 | Pan      | Reached skill level 15 in Evocations
107861 | Pan      | Noticed Nidghodal the pandemonium lord
107881 | Pan      | Killed Nidghodal the pandemonium lord
108049 | Pan      | Found an exit through the horrors of the Abyss.
108290 | Pan      | Noticed Vaukhes the pandemonium lord
108297 | Pan      | Killed Vaukhes the pandemonium lord
108951 | Pan      | Noticed Obaonwoa the pandemonium lord
109072 | Pan      | Got a demonic rune of Zot
109082 | Pan      | Found an exit through the horrors of the Abyss.
109108 | Pan      | Took an exit into the Abyss.
109108 | Abyss:1  | Escaped into the Abyss
109116 | Abyss:1  | Noticed an ancient lich
109128 | Abyss:1  | Killed an ancient lich
109172 | Depths:2 | Escaped the Abyss
110104 | Orc:2    | Bought a potion of brilliance for 44 gold pieces
110104 | Orc:2    | Bought a potion of curing for 33 gold pieces
110167 | Elf:1    | Bought a scroll of summoning for 142 gold pieces
110249 | Elf:2    | Bought a potion of haste for 290 gold pieces
110514 | Shoals:3 | Bought a potion of magic for 104 gold pieces
110523 | Shoals:3 | Bought a potion of magic for 96 gold pieces
110523 | Shoals:3 | Bought a potion of magic for 96 gold pieces
110904 | Zot:1    | Entered Level 1 of the Realm of Zot
111115 | Zot:1    | Found a transporter.
111473 | Zot:1    | Found a transporter.
111901 | Zot:1    | Reached skill level 15 in Necromancy
114827 | Zot:3    | Noticed an orb of fire
114835 | Zot:3    | Killed an orb of fire
114966 | Zot:3    | Noticed an orb of fire
115005 | Zot:3    | Killed an orb of fire
117007 | Zot:4    | Acquired the ring of Pupeyn {rPois rC+ Str+3}
118031 | Zot:4    | Noticed an orb of fire
118038 | Zot:4    | Killed an orb of fire
118173 | Zot:5    | Displaced on stairs
118173 | Zot:5    | Entered Level 5 of the Realm of Zot
118677 | Zot:5    | Noticed an orb of fire
118687 | Zot:5    | Killed an orb of fire
118839 | Zot:5    | Reached skill level 10 in Conjurations
118879 | Zot:5    | Noticed an orb of fire
118887 | Zot:5    | Killed an orb of fire
118974 | Zot:5    | Noticed an ancient lich
118980 | Zot:5    | Killed an ancient lich
119034 | Zot:5    | Noticed an orb of fire
119040 | Zot:5    | Killed an orb of fire
119173 | Zot:5    | Noticed an orb of fire
119180 | Zot:5    | Killed an orb of fire
119311 | Zot:5    | Noticed an orb of fire
119311 | Zot:5    | Noticed an orb of fire
119318 | Zot:5    | Noticed an ancient lich
119319 | Zot:5    | Noticed an ancient lich
119326 | Zot:5    | Killed an orb of fire
119328 | Zot:5    | Killed an orb of fire
119328 | Zot:5    | Killed an ancient lich
119333 | Zot:5    | Killed an ancient lich
119386 | Zot:5    | Noticed an ancient lich
119405 | Zot:5    | Killed an ancient lich
119427 | Zot:5    | Noticed an ancient lich
119439 | Zot:5    | Killed an ancient lich
119579 | Zot:5    | Noticed an ancient lich
119586 | Zot:5    | Killed an ancient lich
119744 | Zot:5    | Noticed an orb of fire
119749 | Zot:5    | Killed an orb of fire
119982 | Zot:5    | Got the Orb of Zot
120351 | Depths:1 | Noticed a seraph
120745 | D:$      | Escaped with the Orb!

Vault maps used:
D:1:      minmay_arrival_hallway
D:2:      xom_teletrap_fun, minmay_pentomino_q4, uniq_natasha, uniq_jessica
D:3:      tgw_sif, grunt_temple_overflow_open, first_bread,
          chequers_ecumenical_altar_twisty
D:4:      kennysheep_slugbush, serial_shops, shop, corexii_shack
D:5:      lemuel_doored_altar
D:6:      minmay_temple_entry_enclosed_plants, cheibrodos_sewer_entry_drain,
          uniq_duvessa, uniq_menkaure, uniq_sigmund
D:7:      nicolae_gozag_seed_capital, fedhas_altar_1, overflow_temple_1_default,
          kennysheep_mini
D:8:      minmay_chambers_of_sevens, evilmike_ruin_ashenzari, basic_altar,
          enter_ossuary_3, serial_shops, nicolae_shop_statue_plus,
          nicolae_shop_competitors_out_of_business
D:9:      lemuel_crystal_altar, overflow_temple_1_default, lair_entry_dummy,
          serial_aquarium, aquarium_bridge_square, aquarium_window_corridor_3,
          aquarium_window_fake, aquarium_window_1, aquarium_window_corner,
          aquarium_view_2b, aquarium_balcony_3a
D:10:     minmay_evil_eye, uniq_josephine
D:11:     cheibrodos_histonic, uniq_sonja
D:12:     david_orc_5, portal_ice_cave_entry_pillars_2, hangedman_stone_soup,
          uniq_azrael
D:13:     giant_chief_lemuel, david_vaults_1, minmay_misc_feat_alley,
          bh_hangedman_babel_library, uniq_urug, uniq_maurice
D:14:     old_standard_altar, minmay_shop_mass
D:15:     hangedman_depths_entry_try_elsewhere_first, nicolae_lava_and_water
Temple:   minmay_temple_curvy_loop
Lair:1:   patterned_corridor
Lair:2:   spider_nest_entry_webs, minmay_another_anthill
Lair:3:   nicolae_volcano_entry_s_turn, serial_bayou_pond_d, uniq_gastronok
Lair:4:   shoals_dummy_entry, minivault_19, lemuel_fruit_tree, uniq_kirke
Lair:5:   mu_elephants_graveyard, slime_altar_1
Lair:6:   grunt_lair_end_beastmaster, special_room
Shoals:1: nicolae_shoals_undead_eyrie
Shoals:3: serial_shops, nicolae_shop_trees, shop, shop,
          nicolae_shop_temple_entry_statues_fountains,
          nicolae_shoals_kraken_party
Shoals:4: shoals_end_hangedman, lightli_airlock
Spider:3: spider_trap
Spider:4: grunt_spider_rune_parallel
Orc:1:    mines3_lemuel, uniq_harold, uniq_snorg
Orc:2:    grunt_orc_gardens, grunt_orc_garden, grunt_orc_garden,
          grunt_orc_garden, grunt_orc_garden, uniq_erolcha, uniq_donald
Elf:1:    minmay_elf_arrival_plus, basic_altar, serial_shops, shop
Elf:2:    serial_shops, nicolae_shop_overgrown_old_shop, grunt_ministairs_12
Elf:3:    minmay_elf_hall_not_hex, serial_shops, bzr_entry_dummy,
          grunt_megastairs_5
Vaults:1: nicolae_vaults_stairing_the_circle, nicolae_vaults_little_squares_6,
          vaults_room_door_ring, v_misc_26, v_misc_22, vaults_room_fours,
          v_misc_29, nicolae_vaults_asterisk, vaults_room_hangedman_quadrants,
          nicolae_vaults_diagonal_hallway_7, serial_shops, shop, enter_trove_0,
          uniq_asterion
Vaults:2: vaults_standard_mumra_enter_the_diamond, v_misc_4,
          nicolae_vaults_border_crossing, ontoclasm_vaults_idyll,
          nicolae_vaults_specimen_jars, grunt_vaults_diagonal,
          vaults_room_corners, vaults_mumra_hex, grunt_vaults_hallway_short,
          ontoclasm_vaults_idyll, serial_shops, shop, shop, uniq_frederick,
          uniq_xtahua
Vaults:3: nicolae_vaults_disjoint_gnomons, hangedman_vaults_river_flow,
          nicolae_vaults_network_quinsquares, v_rooms_1, v_misc_22,
          minmay_crypt_entry_simple_box, stair_cage_open, serial_ice_g,
          hangedman_vaults_restitches, nicolae_vaults_shelves_hall,
          ontoclasm_vaults_ligature
Vaults:4: ontoclasm_vaults_eye, ontoclasm_vaults_fault,
          ontoclasm_vaults_misaligned, v_misc_24
Crypt:1:  cheibrodos_crypt_3hun_7po
Crypt:2:  wad_floor_pattern_untrapped, serial_sigils_hangedman_etch
Crypt:3:  cryptofortress_bobbens
Depths:1: minmay_the_grid_octo_2x2, enter_ziggurat_e, lightli_too_deep,
          columned_hall_lemuel, nicolae_abyss_entry_one_way_or_another,
          minivault_16, guppyfry_shop_venom
Depths:2: minmay_tearing_corner, abyss_entry, chequers_serial_rivers_marsh,
          hell_entry, grunt_pan_entry_sceptre, infiniplex_staircase_zigzag_4
Depths:3: hangedman_surveillance_ring, abyss_entry_small_statue_room,
          grunt_pan_entry_in_and_out, serial_corexii_hall,
          corexii_hall_statues_i, corexii_hall_statues_i, hangedman_geh_valley,
          uniq_saint_roka
Depths:4: gammafunk_dig_for_victory, hell_entry, serial_sigils_hangedman_shear,
          abyss_entry, infiniplex_staircase_pool_2, serial_bayou_shore_b
Depths:5: evilmike_zot_entry_diamond, hellmouth_1, rand_demon_pan_entry_5,
          hangedman_abyss_or_decor_lesser_grid
Zot:1:    gammafunk_its_a_trap, grunt_ministairs_8
Zot:2:    zot_minivault_1
Abyss:1:  evilmike_abyss_exit_5
Abyss:2:  small_statue_intersection
Abyss:3:  evilmike_abyss_exit_12
Pan:      nicolae_pan_hourglass, pan_blood_fountain_small, pan_blood_fountain,
          grunt_pan_spiral, evilmike_mini_pan_pillars_b,
          pan_blood_fountain_small, nicolae_pan_gloorx_vloqian_4,
          evilmike_mini_pan_3x3, grunt_pan_sceptre, pan_blood_fountain_small,
          nicolae_pan_gloorx_vloqian_1, evilmike_mini_pan_possible_glass,
          pan_blood_fountain_small
Bazaar:   bazaar_jpeg_oval
Trove:    trove_armour_1
Sewer:    sewer_minmay_w
Ossuary:  ossuary_tomb_1
IceCv:    ice_cave_small_necro
Volcano:  volcano_lake

Skill      XL: |  1  2  3  4  5  6  7  8  9 10 11 12 13 14 15 16 17 18 19 20 21 22 23 24 25 26 27 |
---------------+----------------------------------------------------------------------------------+-----
Shields        | 1 2 3 4 5 6 7 8 9 10 11 12 13 14 15 16 19 20 24 | 24.0
Fighting       | 1 2 3 4 5 6 7 8 9 10 11 12 13 14 15 18 | 18.5
Necromancy     | 5 6 7 8 9 10 11 17 | 17.0
Spellcasting   | 2 3 4 5 6 7 8 9 11 12 13 15 | 15.0
Dodging        | 3 4 5 7 8 10 11 12 13 14 15 16 17 19 | 19.0
Maces & Flails | 1 3 4 5 7 |  7.0
Invocations    | 3 6 8 10 11 | 11.0
Translocations | 2 4 6 7 8 |  8.0
Charms         | 2 4 5 7 8 9 |  9.0
Evocations     | 2 5 7 9 12 14 24 | 24.1
Axes           | 4 7 8 10 11 13 14 15 16 17 | 17.3
Conjurations   | 3 5 6 7 8 12 | 12.8
Fire Magic     | 5 |  5.0
Earth Magic    | 4 7 8 11 15 18 23 27 | 27.0
Transmutations | 1 4 6 7 |  7.2
Ice Magic      | 6 10 12 14 15 16 | 16.7
Stealth        | 4 |  4.0
Hexes          | 3 5 6 |  6.2
Armour         | 1 |  1.0

Action                   |  1- 3 |  4- 6 |  7- 9 | 10-12 | 13-15 | 16-18 | 19-21 | 22-24 | 25-27 || total
-------------------------+-------+-------+-------+-------+-------+-------+-------+-------+-------++-------
Melee: Short sword       |    11 |    21 |       |       |       |       |       |       |       ||    32
       Flail             |       |    25 |   191 |   536 |       |       |       |       |       ||   752
       Broad axe         |       |       |       |   101 |  1153 |  1240 |   990 |  1700 |  2081 ||  7265
       Unarmed           |       |       |       |    15 |       |       |       |       |       ||    15
Throw: Stone             |    11 |    53 |   133 |   195 |   206 |       |       |       |       ||   598
       Dart              |       |     2 |       |       |       |       |       |       |       ||     2
       Javelin           |       |       |       |       |     2 |     4 |    16 |     3 |       ||    25
       Boomerang         |       |       |       |       |     2 |     9 |       |       |       ||    11
       Throwing net      |       |       |       |       |     1 |       |       |       |       ||     1
 Cast: Necrotise         |    26 |   106 |    90 |   218 |    52 |       |       |       |       ||   492
       Vampiric Draining |       |    25 |   114 |   140 |   207 |    37 |    16 |     6 |    20 ||   565
       Animate Dead      |       |       |    14 |    44 |   119 |   129 |    79 |    60 |   102 ||   547
       * Shroud of Golub |       |       |       |    63 |   147 |   158 |    85 |    97 |   132 ||   682
       Magic Dart        |       |       |       |       |   293 |   345 |   467 |   453 |   625 ||  2183
       Blink             |       |       |       |       |     2 |       |       |     6 |    16 ||    24
       Borgnjor's Vile C |       |       |       |       |     1 |   143 |   117 |    98 |   117 ||   476
       Ozocubu's Armour  |       |       |       |       |       |   144 |   122 |   125 |   170 ||   561
       * Iskenderun's Ba |       |       |       |       |       |    22 |   117 |   117 |   225 ||   481
       Irradiate         |       |       |       |       |       |       |     3 |     3 |     6 ||    12
       Yara's Violent Un |       |       |       |       |       |       |     4 |     7 |    11 ||    22
       Iron Shot         |       |       |       |       |       |       |       |    46 |   186 ||   232
       Shatter           |       |       |       |       |       |       |       |       |     7 ||     7
       * Death Channel   |       |       |       |       |       |       |       |       |    69 ||    69
Invok: Minor Destruction |       |       |    43 |    46 |    24 |     7 |     4 |       |       ||   124
       Lesser Servant of |       |       |       |     2 |     2 |       |       |       |       ||     4
       Greater Servant o |       |       |       |       |       |     1 |       |     1 |     1 ||     3
       Major Destruction |       |       |       |       |       |       |     1 |       |       ||     1
 Abil: Heal Wounds       |       |     2 |     4 |     2 |     6 |       |       |       |       ||    14
Evoke: Wand              |       |       |       |    20 |    27 |    86 |    19 |    12 |    44 ||   208
       Stone of tremors  |       |       |       |       |     2 |       |     1 |     2 |     3 ||     8
       Fan of gales      |       |       |       |       |       |     1 |       |     1 |     1 ||     3
       Lightning rod     |       |       |       |       |       |       |       |    18 |    16 ||    34
       Lamp of fire      |       |       |       |       |       |       |       |     5 |     8 ||    13
  Use: Scroll            |     3 |     4 |    10 |    24 |    17 |    23 |    10 |    12 |    39 ||   142
       Potion            |       |       |     3 |    13 |     4 |    12 |     3 |     8 |    19 ||    62
 Stab: Sleeping          |     1 |     2 |       |     2 |     2 |     6 |     6 |     1 |     2 ||    22
       Distracted        |       |       |     1 |     4 |    13 |    26 |     7 |    16 |    23 ||    90
       Invisible         |       |       |       |     5 |       |       |       |     1 |       ||     6
       Petrified         |       |       |       |     5 |    16 |       |       |       |       ||    21
       Paralysed         |       |       |       |       |     4 |       |       |       |       ||     4
  Eat: Chunk             |     3 |    12 |    27 |    11 |    40 |    56 |    47 |    20 |    17 ||   233
       Meat ration       |       |     1 |     2 |     4 |       |     4 |       |     1 |     1 ||    13
       Fruit             |       |       |     2 |       |       |    14 |     1 |       |     4 ||    21
       Bread ration      |       |       |       |     2 |       |     3 |     4 |     6 |    13 ||    28
       Honeycomb         |       |       |       |     3 |    12 |       |       |       |       ||    15
Armor: Robe              |     3 |    23 |    47 |   147 |   275 |   350 |   169 |   274 |   224 ||  1512
       Ring mail         |       |       |     1 |    12 |       |       |       |       |       ||    13
       Plate armour      |       |       |       |       |       |       |       |     3 |       ||     3
Dodge: Dodged            |     6 |    40 |   137 |   399 |   664 |   944 |   432 |   850 |   774 ||  4246
       Deflected         |       |       |       |       |    25 |    25 |       |       |       ||    50
Block: Kite shield       |     6 |    37 |   135 |   100 |   271 |  1257 |   850 |   985 |       ||  3641
       Tower shield      |       |       |       |   425 |   822 |       |       |   480 |  2301 ||  4028
       Reflection        |       |       |       |       |       |       |    34 |       |       ||    34
* Casting counts for permanent charms are approximate representations of how often the player would have had to cast a non-permanent spell for the same benefits.

Table legend:
 A = Spawn XP
 B = Non-spawn XP
 C = Spawn XP percentage of total XP
 D = Spawn monster count
 E = Non-spawn monster count
 F = Spawn count percentage of total count
 G = Total turns spent on level
                    A         B        C        D         E        F      G
               +---------+---------+-------+---------+---------+-------+---------
         Total |  430923 | 1755517 |  19.7 |     793 |    2718 |  22.6 | 120745
               +---------+---------+-------+---------+---------+-------+---------
           D:1 |       5 |       7 |  41.7 |       3 |       6 |  33.3 |  1047
           D:2 |       4 |     193 |   2.0 |       2 |      23 |   8.0 |  1487
           D:3 |      15 |     363 |   4.0 |       8 |      38 |  17.4 |  2555
           D:4 |       1 |     260 |   0.4 |       1 |      24 |   4.0 |  1416
           D:5 |     121 |     936 |  11.4 |       4 |      25 |  13.8 |  2239
           D:6 |      89 |    1029 |   8.0 |       8 |      25 |  24.2 |  1771
           D:7 |     376 |    1859 |  16.8 |      11 |      29 |  27.5 |  2297
           D:8 |     275 |    3324 |   7.6 |       6 |      39 |  13.3 |  3304
           D:9 |     238 |    3104 |   7.1 |       6 |      34 |  15.0 |  1814
          D:10 |     138 |    2082 |   6.2 |       5 |      19 |  20.8 |   907
          D:11 |    1519 |   10370 |  12.8 |       9 |      46 |  16.4 |  2010
          D:12 |    1079 |   12591 |   7.9 |      13 |      71 |  15.5 |  2602
          D:13 |    4600 |   23584 |  16.3 |      22 |      63 |  25.9 |  3564
          D:14 |    3116 |   11893 |  20.8 |      15 |      37 |  28.8 |  2562
          D:15 |   10327 |    9201 |  52.9 |      20 |      28 |  41.7 |  2466
        Lair:1 |     484 |    3082 |  13.6 |       3 |      17 |  15.0 |  2020
        Lair:2 |     674 |    4687 |  12.6 |       3 |      38 |   7.3 |  1832
        Lair:3 |    2530 |    6012 |  29.6 |      11 |      39 |  22.0 |  1722
        Lair:4 |     845 |    5215 |  13.9 |       3 |      12 |  20.0 |  1797
        Lair:5 |    1402 |   11967 |  10.5 |       9 |      36 |  20.0 |  2145
        Lair:6 |    6439 |   19707 |  24.6 |      20 |      68 |  22.7 |  2383
      Shoals:1 |     503 |    9176 |   5.2 |       2 |      25 |   7.4 |  1254
      Shoals:2 |    3319 |   11901 |  21.8 |       3 |      27 |  10.0 |  1421
      Shoals:3 |    7204 |   20850 |  25.7 |      16 |      36 |  30.8 |  2042
      Shoals:4 |    5214 |   40338 |  11.4 |      13 |      77 |  14.4 |  2631
      Spider:1 |    2989 |    3877 |  43.5 |       9 |       9 |  50.0 |  1421
      Spider:2 |    9522 |    6910 |  57.9 |      28 |      28 |  50.0 |  2257
      Spider:3 |    2500 |    8315 |  23.1 |       9 |      18 |  33.3 |  1772
      Spider:4 |    5782 |   28576 |  16.8 |      18 |      87 |  17.1 |  2411
       Slime:1 |       0 |   23538 |   0.0 |       0 |      36 |   0.0 |   447
       Slime:2 |       0 |    4779 |   0.0 |       0 |       9 |   0.0 |    48
       Slime:3 |       0 |    5162 |   0.0 |       0 |       7 |   0.0 |    67
       Slime:4 |       0 |    3791 |   0.0 |       0 |       6 |   0.0 |   107
       Slime:5 |    2412 |   33317 |   6.8 |       1 |      19 |   5.0 |   778
         Orc:1 |    3810 |    7969 |  32.3 |      19 |      31 |  38.0 |  1644
         Orc:2 |     428 |   12080 |   3.4 |       8 |      68 |  10.5 |  2338
         Elf:1 |    4106 |   16996 |  19.5 |       6 |      27 |  18.2 |  1760
         Elf:2 |    7356 |   35281 |  17.3 |      12 |      49 |  19.7 |  2154
         Elf:3 |    7230 |   54038 |  11.8 |      12 |      52 |  18.8 |  2309
      Vaults:1 |    5712 |   38150 |  13.0 |      11 |      67 |  14.1 |  2943
      Vaults:2 |   12267 |   53450 |  18.7 |      24 |      63 |  27.6 |  3138
      Vaults:3 |   25260 |   36559 |  40.9 |      43 |      69 |  38.4 |  3385
      Vaults:4 |    7006 |   29944 |  19.0 |      11 |      46 |  19.3 |  2628
      Vaults:5 |   13034 |  112263 |  10.4 |      23 |      97 |  19.2 |  2128
       Crypt:1 |    2477 |   24213 |   9.3 |       2 |      35 |   5.4 |  1511
       Crypt:2 |    9903 |   34377 |  22.4 |      13 |      47 |  21.7 |  1633
       Crypt:3 |   15074 |   65179 |  18.8 |      16 |      87 |  15.5 |  2690
      Depths:1 |   15791 |   89760 |  15.0 |      20 |      92 |  17.9 |  2679
      Depths:2 |   15308 |   64283 |  19.2 |      19 |      63 |  23.2 |  2362
      Depths:3 |   15788 |   34199 |  31.6 |      22 |      69 |  24.2 |  2328
      Depths:4 |   13528 |   68269 |  16.5 |      17 |      55 |  23.6 |  2197
      Depths:5 |    2425 |   58456 |   4.0 |       5 |      46 |   9.8 |  1580
         Zot:1 |   17717 |   40216 |  30.6 |      10 |      28 |  26.3 |  1661
         Zot:2 |   31402 |   49326 |  38.9 |      23 |      30 |  43.4 |  2077
         Zot:3 |   16062 |   35469 |  31.2 |      10 |      10 |  50.0 |  1476
         Zot:4 |    8772 |   52023 |  14.4 |       5 |      28 |  15.2 |  1488
         Zot:5 |    9072 |  187046 |   4.6 |       2 |      62 |   3.1 |  1875
       Abyss:1 |   13164 |    6766 |  66.1 |       2 |       7 |  22.2 |    74
       Abyss:2 |    6978 |    5628 |  55.4 |      25 |      10 |  71.4 |   371
       Abyss:3 |   35454 |   39702 |  47.2 |      88 |      70 |  55.7 |  1691
           Pan |   42077 |  160445 |  20.8 |      64 |     154 |  29.4 |  4535
         Sewer |       0 |     353 |   0.0 |       0 |      48 |   0.0 |  1043
       Ossuary |       0 |     451 |   0.0 |       0 |      39 |   0.0 |   502
         IceCv |       0 |    5924 |   0.0 |       0 |      54 |   0.0 |  1157
       Volcano |       0 |    4706 |   0.0 |       0 |      14 |   0.0 |   554
               +---------+---------+-------+---------+---------+-------+---------
